 Dungeon Crawl Stone Soup version 0.17-a0-1534-gf98da79 (webtiles) character file.

5847 urechis the Destroyer (level 10, -8/60 HPs)
             Began as a Gargoyle Wizard on July 17, 2015.
             Was a Priest of Vehumet.
             Mangled by Snorg (22 damage)
             ... on level 10 of the Dungeon.
             The game lasted 00:53:26 (18811 turns).

urechis the Destroyer (Gargoyle Wizard)            Turns: 18811, Time: 00:53:27

Health: -8/60      AC: 16    Str: 12    XL:     10   Next: 80%
Magic:  29/36      EV: 13    Int: 21    God:    Vehumet [***...]
Gold:   418        SH:  4    Dex:  8    Spells: 8 memorised, 3 levels left

rFire  + . .     SeeInvis .     x - +2 short sword of Charity {drain, *Rage +Fly MP+9 Stlth+}
rCold  . . .     Rnd*Rage +     K - +2 robe {rF+}
rNeg   + + .     SustAt   .     p - +0 buckler
rPois  ∞         Gourm    .     r - +0 helmet
rElec  +         Spirit   .     (no cloak)
rCorr  .         Warding  +     (no gloves)
rMut   .         Stasis   .     (no boots)
MR     .....                    u - amulet of warding
Stlth  +++.......               (no ring)
                                o - ring of magical power

@: hasted, repel missiles, very quick, not resistant to hostile enchantments,
fairly stealthy
A: iridescent scales 1, negative energy resistance 1, electricity resistance,
unbreathing, petrification resistance, rot immunity, AC +7
a: Renounce Religion, Evoke Flight


You were on level 10 of the Dungeon.
You worshipped Vehumet.
Vehumet was most pleased with you.
You were hungry.

You visited 2 branches of the dungeon, and saw 11 of its levels.

You collected 418 gold pieces.

Inventory:

Hand weapons
 k - a +0 dagger of protection
 x - the +2 short sword of Charity (weapon) {drain, *Rage +Fly MP+9 Stlth+}
   (You found it on level 4 of the Dungeon)

   A truly terrible weapon, it drains the life of those it strikes.
   It affects your magic capacity (+9).
   It lets you fly.
   It may make you go berserk in combat.
   It makes you more stealthy.
Armour
 p - a +0 buckler (worn)
 r - a +0 helmet (worn)
 K - a +2 robe of fire resistance (worn)
Jewellery
 o - a ring of magical power (left hand)
 u - an amulet of warding (around neck)
Magical devices
 w - a wand of frost (19)
 y - a wand of draining (7)
Scrolls
 e - 3 scrolls of remove curse {unknown}
 g - 3 scrolls of random uselessness {unknown}
 h - 6 scrolls of teleportation {unknown}
 i - 2 scrolls of recharging {unknown}
 j - 2 scrolls of amnesia {unknown}
 n - 2 scrolls of magic mapping {unknown}
 q - 2 scrolls of immolation {unknown}
 s - 4 scrolls of identify {unknown}
 t - 3 scrolls of enchant armour {unknown}
 v - a scroll of enchant weapon {unknown}
 F - a scroll of fear {unknown}
Potions
 b - a potion of lignification {unknown}
 f - 3 potions of curing
 l - 2 potions of mutation {unknown}
 m - a potion of heal wounds {unknown}
 z - 2 potions of brilliance
 A - a potion of haste
 B - a potion of poison {unknown}
 C - a potion of degeneration {unknown}
 E - 2 potions of ambrosia {unknown}
 J - a potion of cancellation {unknown}
Books
 c - a book of Minor Magic

   Spells                             Type                      Level
   a - Magic Dart                     Conjuration                  1
   b - Blink                          Translocation                2
   c - Call Imp                       Summoning                    2
   d - Repel Missiles                 Charms/Air                   2
   e - Slow                           Hexes                        2
   f - Conjure Flame                  Conjuration/Fire             3
   g - Mephitic Cloud                 Conjuration/Poison/Air       3
Comestibles
 d - 5 bread rations
 D - 2 beef jerkies
 G - a meat ration
 H - 10 royal jellies


   Skills:
 - Level 6.0 Fighting
 * Level 5.1 Armour
 + Level 4.6 Dodging
 - Level 2.1 Stealth
 - Level 5.0 Shields
 + Level 5.3 Spellcasting
 + Level 8.0 Conjurations
   Level 0.8 Summonings
 - Level 0.8 Translocations
 + Level 4.6 Fire Magic
 + Level 3.6 Air Magic
 + Level 4.3 Evocations


You had 3 spell levels left.
You knew the following spells:

 Your Spells              Type           Power        Failure   Level  Hunger
a - Magic Dart            Conj           ####         1%          1    None
b - Mephitic Cloud        Conj/Pois/Air  ###.....     2%          3    ##.....
c - Sting                 Conj/Pois      ###.         1%          1    None
d - Repel Missiles        Chrm/Air       ##....       10%         2    None
e - Conjure Flame         Conj/Fire      ####....     1%          3    ##.....
f - Shock                 Conj/Air       ####         1%          1    None
g - Blink                 Tloc           N/A          12%         2    None
h - Static Discharge      Conj/Air       ####....     1%          3    ##.....


Dungeon Overview and Level Annotations

Branches:
Dungeon (10/15)            Temple (1/1) D:5
   Lair: D:8-11         Orc: D:9-12

Altars:
Ashenzari
Cheibriados
Dithmenos
Elyvilon
Fedhas
Gozag
Kikubaaqudgha
Makhleb
Nemelex Xobeh
Okawaru
Qazlal
Ru
Sif Muna
Trog
Vehumet
Xom
Yredelemnul
Zin
The Shining One

Shops:
D:6 :

Annotations:
D:4 CipHuK's ghost, experienced NaFi
D:10 Snorg


Innate Abilities, Weirdness & Mutations

You are resistant to torment.
Your stone body is resilient (AC +7).
You are immune to poison.
You resist negative energy.
You are resistant to electric shocks.
You can survive without breathing.
You are immune to petrification.
You are immune to rotting.
You are partially covered in iridescent scales (AC +4).


Message History

Snorg goes berserk!
Casting: Sting
Confirm with . or Enter, or press ? or * to list all spells.
Aiming: Mephitic Cloud
Press: ? - help, Shift-Dir - straight line, f/p - Snorg
Aim: Snorg (moderately wounded, berserk, fast, unusually strong, poisoned)
The ball explodes into a vile cloud!
The stinking cloud engulfs Snorg.
Snorg is moderately wounded.
The stinking cloud engulfs you!
You hear a shout!
Snorg is engulfed in noxious fumes.
Snorg bites you!! Snorg claws you but does no damage. You block Snorg's attack.
Snorg is engulfed in noxious fumes. x2
Snorg bites you!
* * * LOW HITPOINT WARNING * * *
Snorg claws you but does no damage. Snorg claws you.
* * * LOW HITPOINT WARNING * * *
Drink which item? (? for menu, Esc to quit)
You feel yourself speed up. Snorg bites you!!
You die...

............# ............#
...........#
#......<..###+###..#
#..................#
#.....§............#
#......§...........#
########....T###...........
...........@.# #.......####
...>.....†...# #.......#
.......<.....# #.....(.#
.............# #########
.............#
##############


You could see Snorg (berserk).

Vanquished Creatures
  The ghost of CipHuK the Grappler, an experienced NaFi of Cheibriados (D:7)
  Psyche (D:9)
  A two-headed ogre (D:8)
  Sigmund (D:2)
  The ghost of Lathuz the Chucker, an average OgHu (D:3)
  3 hungry ghosts
  4 yaks (D:9)
  A hippogriff (D:7)
  A water moccasin (D:6)
  2 ice beasts
  4 orc warriors
  A phantom (D:4)
  A black bear (D:9)
  2 ogres
  A wasp (D:9)
  2 sky beasts
  2 centaurs
  Blork the orc (D:4)
  4 giant frogs
  A big kobold (D:8)
  3 killer bees (D:7)
  A wyvern skeleton (D:7)
  A scorpion (D:5)
  5 hounds
  9 orc priests
  2 centaur zombies
  3 jellies (D:9)
  5 crimson imps
  2 centaur skeletons (D:4)
  7 worker ants
  5 iguanas
  6 orc wizards
  A hound skeleton (D:5)
  7 gnolls
  14 adders
  7 oozes
  An adder skeleton (D:4)
  An adder zombie (D:6)
  3 worms
  4 giant geckos
  36 orcs
  4 ball pythons
  A bat zombie (D:7)
  7 giant cockroaches
  9 hobgoblins
  16 jackals
  6 quokkas
  12 bats
  5 giant newts
  9 goblins
  A jackal skeleton (D:7)
  22 kobolds
  3 quokka skeletons
  10 rats
263 creatures vanquished.

Vanquished Creatures (collateral kills)
  A killer bee (D:7)
1 creature vanquished.

Vanquished Creatures (others)
  A giant frog (D:6)
  A scorpion (D:6)
  A worker ant (D:6)
  A kobold (D:6)
  A giant newt (D:6)
  A rat (D:6)
6 creatures vanquished.

Grand Total: 270 creatures vanquished

Notes
Turn   | Place    | Note
--------------------------------------------------------------
     0 | D:1      | urechis the Gargoyle Wizard began the quest for the Orb.
     0 | D:1      | Reached XP level 1. HP: 10/10 MP: 4/4
   442 | D:1      | Reached XP level 2. HP: 15/15 MP: 1/6
  1186 | D:1      | Reached XP level 3. HP: 19/19 MP: 4/7
  1543 | D:2      | Noticed Sigmund
  1588 | D:2      | Reached skill level 4 in Conjurations
  1588 | D:2      | Reached XP level 4. HP: 21/24 MP: 0/8
  2191 | D:2      | Found a faded altar to an unknown god.
  2397 | D:3      | Noticed Lathuz's ghost (average OgHu)
  2927 | D:3      | Reached skill level 5 in Conjurations
  2927 | D:3      | Reached XP level 5. HP: 25/28 MP: 0/9
  3953 | D:3      | Found a glowing silver altar of Zin.
  4086 | D:4      | Gained mutation: You are partially covered in iridescent scales (AC +4). [potion of beneficial mutation]
  4101 | D:4      | Reached skill level 6 in Conjurations
  4397 | D:4      | Learned a level 3 spell: Mephitic Cloud
  4401 | D:4      | Learned a level 3 spell: Conjure Flame
  4404 | D:4      | Learned a level 2 spell: Repel Missiles
  4510 | D:4      | Noticed CipHuK's ghost (experienced NaFi)
  4708 | D:4      | Reached skill level 1 in Armour
  4708 | D:4      | Reached XP level 6. HP: 33/33 MP: 1/10
  4718 | D:4      | Reached skill level 1 in Fighting
  4780 | D:4      | Reached skill level 1 in Shields
  5174 | D:4      | Noticed Blork the orc
  5182 | D:4      | Killed Blork the orc
  5190 | D:4      | Got a fine short sword
  5191 | D:4      | Identified the +2 short sword of Charity {drain, *Rage +Fly MP+9 Stlth+} (You found it on level 4 of the Dungeon)
  5616 | D:4      | Reached skill level 1 in Air Magic
  5616 | D:4      | Reached XP level 7. HP: 32/38 MP: 11/11
  5699 | D:5      | Entered Level 5 of the Dungeon
  5723 | D:5      | Reached skill level 1 in Fire Magic
  6549 | D:5      | Found a glowing golden altar of the Shining One.
  6551 | D:5      | Found an ancient bone altar of Kikubaaqudgha.
  6559 | D:5      | Found a deep blue altar of Sif Muna.
  6693 | D:5      | Reached skill level 1 in Evocations
  6742 | D:5      | Found a staircase to the Ecumenical Temple.
  6748 | Temple   | Entered the Ecumenical Temple
  6789 | Temple   | Became a worshipper of Vehumet
  6892 | D:5      | Reached XP level 8. HP: 44/44 MP: 13/13
  7075 | D:6      | Found a shimmering altar of Xom.
  7163 | D:6      | Found Xaptaom's Book Boutique.
  7769 | D:6      | Acquired Vehumet's first power
  7769 | D:6      | Offered knowledge of Sting by Vehumet.
  7772 | D:6      | Learned a level 1 spell: Sting
  8206 | D:2      | Killed Sigmund
  8206 | D:2      | Reached skill level 7 in Conjurations
  8206 | D:2      | Reached XP level 9. HP: 49/51 MP: 15/15
  8313 | D:3      | Found a glowing silver altar of Zin.
  8391 | D:3      | Killed Lathuz's ghost
 15273 | D:7      | Killed CipHuK's ghost
 15480 | D:7      | Found a shadowy altar of Dithmenos.
 15734 | D:7      | Reached XP level 10. HP: 56/58 MP: 17/17
 16537 | D:8      | Offered knowledge of Shock by Vehumet.
 16546 | D:8      | Learned a level 1 spell: Shock
 16549 | D:8      | Learned a level 2 spell: Blink
 16823 | D:8      | Reached skill level 5 in Spellcasting
 16847 | D:8      | Noticed a green ugly thing
 17201 | D:8      | Reached skill level 5 in Fighting
 17201 | D:8      | Reached skill level 5 in Shields
 18113 | D:9      | Offered knowledge of Static Discharge by Vehumet.
 18145 | D:9      | Learned a level 3 spell: Static Discharge
 18265 | D:9      | Reached skill level 5 in Armour
 18459 | D:9      | Noticed Psyche
 18466 | D:9      | Killed Psyche
 18503 | D:9      | Acquired Vehumet's second power
 18531 | D:9      | Reached skill level 8 in Conjurations
 18764 | D:10     | Entered Level 10 of the Dungeon
 18794 | D:10     | Noticed Snorg
 18811 | D:10     | Mangled by Snorg

Vault maps used:
D:1:      lemuel_arrival_tunnels
D:2:      ecumenical_altar_2, minmay_misc_feat_more_columns, uniq_sigmund
D:3:      zin_statuary
D:4:      moated_statue, minmay_box_of_dots, uniq_blork_the_orc
D:5:      minmay_overflow_temple_star_quad, minmay_temple_entry_enclosed_plants,
          first_bread
D:6:      xom_confusion_cloud, serial_shops, nicolae_shop_window_shopping,
          minivault_27
D:7:      lemuel_crystal_altar
D:9:      hangedman_little_slice_of_home, uniq_psyche
D:10:     lair_0_dummy, orc_0_dummy, uniq_snorg
Temple:   nicolae_temple_god_jail

Action                   |  1- 3 |  4- 6 |  7- 9 | 10-12 || total
-------------------------+-------+-------+-------+-------++-------
Melee: Dagger            |    60 |    78 |       |       ||   138
       Short sword       |       |       |    16 |    64 ||    80
 Cast: Magic Dart        |    63 |   229 |   495 |   258 ||  1045
       Repel Missiles    |       |       |     2 |     3 ||     5
       Sting             |       |       |    10 |    40 ||    50
       Mephitic Cloud    |       |       |     8 |    17 ||    25
       Shock             |       |       |       |    13 ||    13
       Blink             |       |       |       |     3 ||     3
  Use: Potion            |       |     4 |       |     2 ||     6
 Stab: Sleeping          |     4 |       |     1 |       ||     5
  Eat: Chunk             |     2 |     9 |    19 |    12 ||    42
       Royal jelly       |       |     1 |       |       ||     1
       Pizza             |       |       |     4 |       ||     4
       Fruit             |       |       |     3 |       ||     3
       Meat ration       |       |       |     1 |       ||     1
